 Dungeon Crawl Stone Soup version 0.30-a0-23-ge60ba3568b (webtiles) character file.

Game seed: 17633458771035720477

113857 porpoise the Warrior (level 16, -3/138 HPs)
             Began as a Merfolk Gladiator on Aug 25, 2022.
             Was an Elder of Yredelemnul.
             Slain by an orc knight
             ... wielding a +0 battleaxe
              (33 damage)
             ... on level 2 of the Orcish Mines.
             The game lasted 01:45:38 (28223 turns).

porpoise the Warrior (Merfolk Gladiator)           Turns: 28223, Time: 01:45:39

Health: -3/138     AC: 17    Str: 21    XL:     16   Next: 64%
Magic:  26/26      EV: 16    Int:  9    God:    Yredelemnul [****..]
Gold:   3498       SH:  7    Dex: 15    Spells: 15/15 levels left

rFire   + . .      SeeInvis .    a - +1 trident (spect)
rCold   . . .      Faith    +    s - +1 buckler
rNeg    + . .      Spirit   .    w - +1 scale mail "Qemoas" {Slay+3}
rPois   +          Reflect  .    D - +1 hat
rElec   .          Harm     .    M - +0 cloak {rPois}
rCorr   .          Rampage  +    L - +2 pair of gloves of Protective Custody {Rampage rN+}
Will    +....                    Y - +0 pair of boots
Stlth   ..........               v - amulet of faith
HPRegen 0.33/turn                e - ring of protection from fire
MPRegen 0.20/turn                f - +4 ring of slaying

@: no status effects
A: (nimble swimmer 2), mertail
a: Renounce Religion, Recall Undead Harvest, Dark Bargain, Drain Life


You were on level 2 of the Orcish Mines.
You worshipped Yredelemnul.
Yredelemnul was pleased with you.
You visited 4 branches of the dungeon, and saw 23 of its levels.
You also visited: Ossuary and Volcano.

You collected 3686 gold pieces.
You spent 188 gold pieces at shops.

Inventory:

Hand Weapons
 a - a +1 spectral trident (weapon)
 g - a +2 trident of flaming
 l - a +1 quick blade of flaming
Missiles
 d - 3 throwing nets
 p - 7 boomerangs
 x - 2 boomerangs of dispersal
 R - 5 atropa-tipped darts
 S - 4 curare-tipped darts (quivered)
Armour
 s - a +1 buckler (worn)
 w - the +1 scale mail "Qemoas" (worn) {Slay+3}
   (You found it on level 3 of the Lair of Beasts)

   Slay:      It affects your accuracy & damage with ranged weapons and melee
   (+3).
 D - a +1 hat (worn)
 L - the +2 pair of gloves of Protective Custody (worn) {Rampage rN+}
   (You found it on level 4 of the Lair of Beasts)

   rN:        It protects you from negative energy.
   Rampage:   It bestows one free step when moving towards enemies.
 M - a +0 cloak of poison resistance (worn)
 Y - a +0 pair of boots (worn)
Jewellery
 c - a ring of magical power
 e - a ring of protection from fire (left hand)
 f - a +4 ring of slaying (right hand)
 v - an amulet of faith (around neck)
 C - a ring of ice
 T - a +4 ring of protection
Wands
 k - a wand of mindburst (7)
 m - a wand of paralysis (6)
 z - a wand of iceblast (13)
 O - a wand of flame (14)
 U - a wand of light (6)
Scrolls
 i - 8 scrolls of teleportation
 n - a scroll of summoning
 y - 2 scrolls of fog
 H - a scroll of blinking {unknown}
 N - a scroll of fear {unknown}
 W - a scroll of vulnerability
Potions
 b - a potion of brilliance
 h - 11 potions of curing
 j - a potion of haste
 o - a potion of heal wounds
 q - 5 potions of attraction
 t - a potion of might
 u - 2 potions of cancellation
 G - 3 potions of ambrosia
 I - a potion of invisibility
 K - 3 potions of resistance
 P - a potion of mutation
 Z - a potion of lignification
Miscellaneous
 B - a phantom mirror
 F - a condenser vane


   Skills:
 + Level 16.1 Fighting
 - Level 14.0 Polearms
 - Level 2.0 Throwing
 - Level 12.1 Armour
 + Level 12.9 Dodging
 - Level 7.0 Shields
 + Level 13.4 Invocations
 - Level 7.0 Evocations


You had 15 spell levels left.
You didn't know any spells.
Your spell library contained the following spells:

 Spells                   Type           Power      Damage    Failure   Level
 Necrotise                Necr           0%         1d4       75%         1
 Sandblast                Erth           0%         2d4       75%         1
 Passwall                 Tmut/Erth      0%         N/A       86%         2
 Poisonous Vapours        Pois/Air       0%         N/A       86%         2
 Call Canine Familiar     Summ           0%         N/A       98%         3
 Conjure Flame            Conj/Fire      0%         6-21      98%         3
 Dazzling Flash           Conj/Hex       0%         N/A       98%         3
 Ignite Poison            Fire/Tmut/Pois 0%         N/A       98%         3
 Portal Projectile        Hex/Tloc       0%         N/A       98%         3
 Stone Arrow              Conj/Erth      0%         3d7       98%         3
 Tukima's Dance           Hex            0%         N/A       98%         3
 Vampiric Draining        Necr           0%         2d6       98%         3
 Airstrike                Air            0%         2d(0-16)  100%        4
 Corpse Rot               Necr/Pois/Air  0%         N/A       100%        4
 Leda's Liquefaction      Hex/Erth       0%         N/A       100%        4
 Passage of Golubria      Tloc           0%         N/A       100%        4
 Sticky Flame             Conj/Fire      0%         2d3       100%        4
 Summon Lightning Spire   Summ/Air       0%         N/A       100%        4
 Agony                    Necr           0%         N/A       100%        5
 Fireball                 Conj/Fire      0%         3d3       100%        5
 Iskenderun's Battlesphe  Conj           0%         2d6       100%        5
 Lee's Rapid Deconstruct  Erth           0%         3d5*      100%        5
 Lightning Bolt           Conj/Air       0%         1d11      100%        5
 Silence                  Hex/Air        0%         N/A       100%        5
 Yara's Violent Unravell  Hex/Tmut       0%         3d3       100%        5
 Conjure Ball Lightning   Conj/Air       0%         3x3d6     100%        6
 Starburst                Conj/Fire      0%         6d3       100%        6
 Statue Form              Tmut/Erth      0%         N/A       100%        6
 Orb of Destruction       Conj           0%         9d5       100%        7
 Ignition                 Fire           0%         3d3       100%        8


Dungeon Overview and Level Annotations

Branches:
Dungeon (15/15)            Temple (1/1) D:4            Lair (5/5) D:11
 Shoals (0/4) Lair:3        Snake (0/4) Lair:3          Orc (2/2) D:10
    Elf (0/3) Orc:2        Vaults (0/5) D:14         Depths (0/4) D:15
Ossuary (visited)         Volcano (visited)
  Slime: Lair:4-5

Altars:
Ashenzari
Cheibriados
Dithmenos
Elyvilon
Fedhas
Gozag
Hepliaklqana
Kikubaaqudgha
Makhleb
Nemelex Xobeh
Okawaru
Qazlal
Ru
Sif Muna
Trog
Uskayaw
Vehumet
Wu Jian
Xom
Yredelemnul
Zin
The Shining One

Shops:
D:10 (   Orc:1 *?   Orc:2 *

Portals:
Trove: D:15 (give 8 potions of haste)

Annotations:
D:10 1 exclusion
Orc:2 3 runed translucent doors, FizzleBangTC's ghost, journeyman MeEE


Innate Abilities, Weirdness & Mutations

((You are very nimble when in or above water. (Stealth+, EV+, Speed+++)))
Your lower body shifts to a powerful aquatic tail in water.


Message History

You hit the orc knight.
The orc knight is lightly wounded.
Your +1 spectral trident closely misses the orc knight.
The orc knight unwields a +0 arbalest.
The orc knight wields a +0 battleaxe.
The orc knight hits you with a +0 battleaxe!!!
The orc knight misses you.
You barely miss the orc knight.
The orc knight is lightly wounded.
Your +1 spectral trident hits the orc knight but does no damage.
You can no longer drain ambient life force.
You puncture the orc knight!
The orc knight is moderately wounded.
Your +1 spectral trident hits the orc knight from afar!
The orc knight hits you with a +0 battleaxe!
The orc knight hits you with a +0 bardiche!!
Unknown command.
You closely miss the orc knight.
The orc knight is heavily wounded.
Your +1 spectral trident hits the orc knight from afar!
The orc knight unwields a +0 battleaxe.
The orc knight wields a +0 arbalest.
The orc knight shoots a bolt.
You block the bolt. The orc knight barely misses you.
You closely miss the orc knight.
The orc knight is heavily wounded.
Your +1 spectral trident closely misses the orc knight.
Your bound iron troll barely misses the orc knight.
Your bound iron troll claws the orc knight.
Your bound iron troll drains the orc knight.
Your bound iron troll barely misses the orc knight.
You can now drain ambient life force.
You hit the orc knight but do no damage.
The orc knight is heavily wounded.
Your +1 spectral trident hits the orc knight from afar.
Your orc zombie misses the orc knight.
The orc knight hits you with a +0 bardiche!!
* * * LOW HITPOINT WARNING * * *
The orc knight unwields a +0 arbalest.
The orc knight wields a +0 battleaxe.
The orc knight hits you with a +0 battleaxe!!
You die...
Your body rises from the dead as a mindless zombie.

.........................#
..................#.....##
..............Z.........##
.........................#
...............#####.....#
#
...........ZZ.##...####.##
#
.............##..).).####
# ..#.........##...o))..#
.#.........Z#ZZo@##ooo3.#
.........ZZ##.Z(####ooo.#
.......#...#.Z..# 344..#
.#.......ZZ)ZZ)## 4o÷÷.÷#
## ..#........Z...#
4.....# ##.
..#............# .○....#
#.. ...............###
÷.....# ##..
..#.........)..#.# #...
.........).......## ##..#


You could see 2 orc knights, a friendly bound iron troll, a friendly +1 spectral
trident (summoned), 2 friendly gnoll zombies, 3 friendly orc zombies, 2 friendly
orc warrior zombies and a friendly orc priest zombie.

Vanquished Creatures
  Frances (D:12)
  Louise (D:15)
  2 orc warlords
  A vampire knight (D:12)
  Azrael (D:12)
  Snorg (D:14)
  A yaktaur captain (D:12)
  Harold (D:11)
  An ice dragon (D:12)
  3 boulder beetles
  7 hydras
  2 death knights (D:12)
  2 two-headed ogres
  5 centaur warriors
  5 death yaks
  2 orc high priests (Orc:2)
  Urug (Lair:1)
  A vampire mage (D:15)
  A hell knight (Volcano)
  A sun demon (Volcano)
  2 skeletal warriors
  A wizard (D:12)
  A necromancer (D:14)
  3 orc knights
  Pikel (D:8)
  A phantasmal warrior (D:14)
  2 deep elf pyromancers (D:12)
  3 ugly things
  2 cyclopes
  3 manticores
  4 black mambas
  2 molten gargoyles (Volcano)
  Joseph (D:8)
  2 elephants (Lair:1)
  A gargoyle (D:10)
  7 cane toads
  3 rime drakes
  A kobold demonologist (D:12)
  6 komodo dragons
  4 trolls
  2 polar bears
  A merfolk (D:10)
  2 red devils (Volcano)
  A tarantella (shapeshifter) (D:14)
  Prince Ribbit (D:8)
  2 hornets
  3 dream sheep
  4 slime creatures
  5 blink frogs
  2 shadows
  An ettin skeleton (D:15)
  2 vampires
  5 wraiths
  3 basilisks
  3 fire bats
  Grum (D:11)
  3 wyverns
  24 yaks
  5 fire elementals (D:12)
  2 vampire mosquitoes (D:13)
  2 steam dragons
  3 wargs
  2 acid dragons
  2 nagas (Lair:3)
  Duvessa (D:7)
  8 water moccasins
  2 hell hounds (D:12)
  A glowing shapeshifter skeleton (D:15)
  An ice beast (D:7)
  34 orc warriors
  2 black bears
  4 ogres
  7 wolves
  8 centaurs
  A kobold brigand (D:8)
  2 phantoms
  14 bullfrogs
  A necrophage (D:7)
  3 scorpions
  A gnoll sergeant (D:12)
  A hornet simulacrum (D:14)
  3 wights (D:9)
  Dowan (D:7)
  8 killer bees
  4 howler monkeys
  6 electric eels
  6 lava snakes (Volcano)
  5 hounds
  A gnoll bouda (D:6)
  24 orc priests
  3 jellies
  6 iguanas
  21 orc wizards
  8 mummies (Ossuary)
  10 gnolls
  7 adders
  2 shadow imps
  A white imp (D:5)
  An ufetubus (D:5)
  3 worms
  87 orcs
  10 ball pythons
  4 endoplasms
  2 giant cockroaches
  9 goblins
  7 hobgoblins
  10 kobolds
  3 quokkas
  7 bats
  3 frilled lizards
  A gnoll zombie (Ossuary)
  2 hobgoblin zombies (Ossuary)
  2 kobold zombies (Ossuary)
  3 orc zombies (Ossuary)
  2 rats (D:2)
  A butterfly (D:7)
535 creatures vanquished.

Vanquished Creatures (collateral kills)
  Rupert (D:14)
  Jorgrun (D:14)
  A deep elf high priest (D:14)
  A boulder beetle (D:12)
  A hydra (D:13)
  2 centaur warriors
  A two-headed ogre (D:9)
  A necromancer (D:15)
  An orc knight (Orc:1)
  2 ugly things (D:15)
  A stone giant zombie (D:15)
  2 deep elf pyromancers
  A tengu skeleton (D:15)
  3 elephants (Lair:1)
  A manticore (D:14)
  A merfolk siren (Lair:3)
  3 cane toads
  A rime drake (Lair:2)
  A red devil (Volcano)
  A guardian mummy (D:15)
  A troll (Orc:1)
  2 blink frogs (Lair:4)
  A slime creature (D:15)
  A centaur simulacrum (D:11)
  A vampire (D:12)
  5 yaks
  A wyvern (Lair:4)
  3 fire bats (Orc:1)
  A golden eye (shapeshifter) (D:14)
  A steam dragon (Lair:2)
  2 vampire mosquitoes
  8 orc warriors
  A bullfrog (D:9)
  A gnoll sergeant (D:11)
  2 wights (D:9)
  4 orc priests
  2 orc wizards
  9 orcs
  3 bushes (Lair:2)
  A butterfly (Lair:1)
77 creatures vanquished.

Vanquished Creatures (others)
  2 ugly thing zombies (D:15)
  3 centaur zombies (D:13)
  An ice dragon zombie (D:12)
  A two-headed ogre zombie (D:12)
  A cane toad zombie (Lair:1)
  2 human zombies (D:15)
  A fire bat zombie (Volcano)
  A spectral red devil (Volcano)
  A hornet zombie (D:11)
  An elf zombie (D:12)
  A kobold brigand (D:11)
  2 vampire mosquito zombies
  A hell hound zombie (D:12)
  2 warg zombies
  2 water moccasin zombies
  A troll zombie (Orc:1)
  6 yak zombies
  2 wolf zombies (D:11)
  A bullfrog zombie (Lair:4)
  A killer bee zombie (D:10)
  A howler monkey zombie (D:12)
  A gnoll zombie (D:11)
  A lava snake zombie (Volcano)
  64 orc zombies
  32 fungi
  48 plants
  3 withered plants (D:15)
183 creatures vanquished.

Grand Total: 795 creatures vanquished

Notes
Turn   | Place    | Note
-------+----------+-------------------------------------------
     0 | D:1      | porpoise the Merfolk Gladiator began the quest for the Orb.
     0 | D:1      | Reached XP level 1. HP: 16/16 MP: 1/1
   324 | D:1      | Reached XP level 2. HP: 23/23 MP: 2/2
   476 | D:1      | Found a faded altar of an unknown god.
   984 | D:2      | Reached skill level 3 in Fighting
  1128 | D:2      | You fall into a shaft and drop 1 floor!
  1196 | D:3      | Reached XP level 3. HP: 29/29 MP: 3/3
  1421 | D:2      | Reached skill level 5 in Polearms
  2036 | D:2      | Reached XP level 4. HP: 33/37 MP: 4/4
  3051 | D:3      | Identified the +2 ring mail of Kuxeddau {MP+9 Dex+2}
  3185 | D:3      | Reached skill level 4 in Fighting
  3531 | D:3      | Identified the +0 ring mail "Wischic" {rC+}
  3683 | D:4      | Noticed a steam dragon
  3688 | D:4      | Reached XP level 5. HP: 39/42 MP: 5/5
  3697 | D:4      | Killed a steam dragon
  3698 | D:4      | Reached skill level 5 in Fighting
  3698 | D:4      | Reached XP level 6. HP: 42/51 MP: 6/6
  4002 | D:4      | Found a staircase to the Ecumenical Temple.
  4011 | Temple   | Entered the Ecumenical Temple
  4406 | D:5      | Entered Level 5 of the Dungeon
  4408 | D:5      | Found a sand-covered staircase.
  4418 | Ossuary  | Entered an ossuary
  4560 | Ossuary  | Reached XP level 7. HP: 45/57 MP: 7/7
  4751 | Ossuary  | Reached skill level 6 in Fighting
  5283 | D:5      | Identified the +2 leather armour of the Hills {rN+ Will+
                  | Regen+}
  5429 | D:5      | Reached skill level 7 in Fighting
  5461 | D:5      | Reached XP level 8. HP: 67/67 MP: 8/8
  5585 | D:5      | Reached skill level 1 in Armour
  5698 | D:6      | Identified a scroll of acquirement
  5698 | D:6      | Acquired 836 gold pieces
  5982 | D:6      | Reached skill level 1 in Shields
  6147 | D:6      | Reached skill level 10 in Polearms
  6547 | D:7      | Found a shimmering altar of Xom.
  6613 | D:7      | Found a broken altar of Ashenzari.
  6673 | D:7      | Noticed Duvessa
  6673 | D:7      | Noticed Dowan
  6681 | D:7      | Killed Duvessa
  6682 | D:7      | Reached XP level 9. HP: 61/72 MP: 9/9
  6692 | D:7      | Killed Dowan
  6886 | D:7      | Acquired a manual of Armour
  7360 | D:8      | Noticed Prince Ribbit
  7503 | D:8      | Killed Prince Ribbit
  7504 | D:8      | Reached skill level 5 in Armour
  7504 | D:8      | Reached skill level 5 in Shields
  7654 | D:8      | Noticed Pikel
  7665 | D:8      | Killed Pikel
  7666 | D:8      | Reached skill level 5 in Dodging
  7666 | D:8      | Reached XP level 10. HP: 63/79 MP: 10/10
  7751 | D:8      | Noticed Joseph
  7788 | D:8      | Killed Joseph
  8353 | D:9      | Found a basalt altar of Yredelemnul.
  8360 | D:9      | Became a worshipper of Yredelemnul the Dark
  8439 | D:9      | Reached * piety under Yredelemnul
  8452 | D:9      | Reached ** piety under Yredelemnul
  8495 | D:9      | Reached *** piety under Yredelemnul
  8681 | D:9      | Noticed a two-headed ogre
  8688 | D:9      | Killed a two-headed ogre
  8922 | D:9      | Reached XP level 11. HP: 84/84 MP: 11/11
  9032 | D:10     | Entered Level 10 of the Dungeon
  9166 | D:10     | Reached skill level 8 in Fighting
  9168 | D:10     | Noticed a two-headed ogre
  9176 | D:10     | Killed a two-headed ogre
  9236 | D:10     | Found a stormy altar of Qazlal.
  9294 | D:10     | Reached skill level 9 in Fighting
  9356 | D:10     | Found a staircase to the Orcish Mines.
  9737 | D:10     | Reached skill level 10 in Fighting
  9775 | D:10     | Reached **** piety under Yredelemnul
  9798 | D:10     | Found Ceppeusa's Antique Weapon Boutique.
  9889 | D:10     | Reached ***** piety under Yredelemnul
 10138 | D:10     | Noticed a fire dragon
 10714 | D:11     | Noticed a centaur warrior
 10723 | D:11     | Killed a centaur warrior
 10724 | D:11     | Reached skill level 11 in Fighting
 10754 | D:11     | Noticed Grum
 10765 | D:11     | Killed Grum
 10823 | D:11     | Noticed Harold
 10833 | D:11     | Killed Harold
 10834 | D:11     | Reached skill level 12 in Fighting
 10834 | D:11     | Reached skill level 1 in Invocations
 10834 | D:11     | Reached skill level 1 in Evocations
 10855 | D:11     | Noticed a boulder beetle
 10866 | D:11     | Reached XP level 12. HP: 70/102 MP: 13/13
 10911 | D:11     | Killed a boulder beetle
 10983 | D:11     | Found a staircase to the Lair.
 11183 | D:11     | Noticed a boulder beetle
 11187 | D:11     | Noticed a six-headed hydra
 11193 | D:11     | Killed a boulder beetle
 11205 | D:11     | Killed a six-headed hydra
 11435 | Lair:1   | Entered Level 1 of the Lair of Beasts
 11533 | Lair:1   | Reached skill level 5 in Invocations
 11574 | Lair:1   | Noticed Urug
 11586 | Lair:1   | Noticed a death yak
 11586 | Lair:1   | Noticed a death yak
 11589 | Lair:1   | Killed Urug
 11646 | Lair:1   | Noticed a death yak
 11647 | Lair:1   | Noticed a death yak
 11681 | D:11     | Killed a death yak
 11682 | D:11     | Reached skill level 5 in Evocations
 11691 | D:11     | Killed a death yak
 11824 | Lair:1   | Noticed a death yak
 11836 | D:11     | Killed a death yak
 11862 | Lair:1   | Killed a death yak
 11863 | Lair:1   | Reached skill level 13 in Fighting
 11866 | Lair:1   | Killed a death yak
 12039 | Lair:1   | Reached skill level 14 in Fighting
 12039 | Lair:1   | Reached XP level 13. HP: 101/113 MP: 16/16
 12367 | Lair:1   | Reached ****** piety under Yredelemnul
 13199 | Lair:2   | Reached skill level 10 in Dodging
 13513 | Lair:2   | Reached skill level 15 in Fighting
 14288 | Lair:3   | Found a staircase to the Snake Pit.
 14371 | Lair:3   | Identified the +1 scale mail "Qemoas" {Slay+3}
 15009 | Lair:3   | Found a staircase to the Shoals.
 15298 | Lair:4   | Identified the +2 pair of gloves of Protective Custody
                  | {Rampage rN+}
 16034 | Lair:5   | Entered Level 5 of the Lair of Beasts
 16513 | D:12     | Noticed Azrael
 16532 | D:12     | Killed Azrael
 16533 | D:12     | Reached XP level 14. HP: 30/123 MP: 19/21
 16901 | D:12     | Identified the +2 cloak of Ogirah {rF- rC++ Str+6}
 17105 | D:12     | Reached skill level 10 in Invocations
 17380 | D:12     | Noticed an orc warlord
 17394 | D:12     | Noticed Frances
 17401 | D:12     | Killed an orc warlord
 17411 | D:12     | Killed Frances
 19027 | D:12     | Noticed a vampire knight
 19044 | D:12     | Killed a vampire knight
 21255 | D:14     | Noticed Jorgrun
 21265 | D:14     | Killed Jorgrun
 21266 | D:14     | Reached skill level 10 in Armour
 21587 | D:14     | Noticed Rupert
 21602 | D:14     | HP: 4/123 [Rupert/+1 triple sword of freezing (6)]
 21603 | D:14     | Killed Rupert
 22121 | D:14     | Identified the +5 ring mail of the Learner {Rampage}
 22746 | D:14     | Found a gate to the Vaults.
 22811 | D:14     | Noticed Snorg
 22818 | D:14     | Killed Snorg
 22819 | D:14     | Reached XP level 15. HP: 126/129 MP: 24/24
 23230 | D:15     | Entered Level 15 of the Dungeon
 23345 | D:15     | Found a staircase to the Depths.
 23345 | D:15     | Noticed Louise
 23894 | D:15     | Killed Louise
 24148 | D:15     | Your ally Louise died
 24517 | D:15     | Found a shimmering blue altar of Sif Muna.
 24583 | D:15     | Found a portal to a secret trove of treasure.
 24623 | D:15     | Reached XP level 16. HP: 136/136 MP: 25/25
 25061 | Orc:1    | Entered Level 1 of the Orcish Mines
 25321 | Orc:1    | Found a dark tunnel.
 25392 | Volcano  | Entered a volcano
 25954 | Volcano  | Found a bloodstained altar of Trog.
 26849 | Orc:1    | Found Nuhoij's Magic Scroll Shoppe.
 26893 | Orc:1    | Bought a scroll of identify for 20 gold pieces
 26893 | Orc:1    | Bought a scroll of identify for 20 gold pieces
 26944 | Orc:1    | Found Koutaxap's Assorted Antiques.
 26952 | Orc:1    | Bought a gold wand for 148 gold pieces
 27047 | Orc:2    | Entered Level 2 of the Orcish Mines
 27126 | Orc:2    | Found a staircase to the Elven Halls.
 27247 | Orc:2    | Found a runed translucent gate.
 27247 | Orc:2    | Found a runed translucent gate.
 27248 | Orc:2    | Found an opulent altar of Gozag.
 27248 | Orc:2    | Found a runed translucent gate.
 27252 | Orc:2    | Noticed FizzleBangTC's ghost (journeyman MeEE)
 27256 | Orc:2    | Found Baru's Assorted Antiques.
 27350 | Orc:2    | Reached skill level 16 in Fighting
 27425 | Orc:2    | HP: 2/138 [hellwing[an orc sorcerer] (7)]
 28223 | Orc:2    | Slain by an orc knight

Illustrated notes

Levels and vault maps discovered:
D:1:      onia_arrival_mini_spirals, layout_loops_ring, basic_ecumenical_altar
D:2:      layout_basic
D:3:      layout_loops_cross
D:4:      layout_rooms, minmay_temple_entry_statues_fountains
D:5:      layout_basic, nicolae_ossuary_entry_ruins
D:6:      layout_rooms, st_stairs_12, nicolae_underground_beach
D:7:      layout_basic, cheibrodos_ashenzari_chains, xom_butterflies,
          uniq_duvessa
D:8:      layout_rooms, uniq_joseph, uniq_prince_ribbit1, uniq_pikel
D:9:      layout_big_octagon, lemuel_round_altar,
          hangedman_abyss_or_decor_clamps
D:10:     dragon1_lemuel, layout_loops_corners,
          mainiacjoe_overflow_surrounded_room, erik_orc_2, serial_shops,
          nicolae_lakefront_shop, hangedman_fish_farm
D:11:     layout_cave_pools, erik_lair_orcish_takeover, minmay_starry_boxes,
          uniq_grum, uniq_harold
D:12:     evilmike_diamond_1, layout_irregular_city, uniq_azrael, uniq_frances
D:13:     layout_roguey [special_room_orc]
D:14:     layout_loops_cross, david_vaults_4, kennysheep_four_rooms,
          uniq_jorgrun, uniq_rupert, uniq_snorg
D:15:     gammafunk_depths_entry_grave, layout_loops_cross, enter_trove_6,
          nicolae_sif_muna_condensation, uniq_louise
Temple:   regret_index_temple_chain_breaker
Lair:1:   cheibrodos_lair_river_kwai, layout_regular_city, grunt_megastairs_3,
          lemuel_fruit_fields, uniq_urug
Lair:2:   layout_cave_pods, serial_rivers, chequers_serial_rivers_micro_c,
          chequers_serial_rivers_micro_b, chequers_serial_rivers_room_b,
          chequers_serial_rivers_micro_e, chequers_serial_rivers_marsh,
          minmay_hedge_maze, grunt_megastairs_5
Lair:3:   layout_chaotic_city, minmay_shoals_entry_lonely_mermaid,
          guppyfry_snake_entry_island
Lair:4:   layout_roguey
Lair:5:   grunt_lair_end_beastmaster, layout_gridlike,
          minmay_slime_entry_pillars, mumra_transporter_accident,
          chequers_serial_rivers_room_a, chequers_serial_rivers_large_a,
          uniq_sonja
Orc:1:    layout_diamond_mine, serial_shops, nicolae_lakefront_shop,
          shop_statue, nicolae_volcano_entry_lava_flow
Orc:2:    grunt_orc_tribal_feast, layout_diamond_mine, ebering_ghost_gozag,
          nicolae_orc_rich_vein

Skill      XL: |  1  2  3  4  5  6  7  8  9 10 11 12 13 14 15 16 |
---------------+-------------------------------------------------+-----
Fighting       | 3 4 5 7 12 14 15 16 | 16.1
Polearms       | 5 6 7 9 10 12 14 | 14.0
Armour         | 3 5 8 9 10 12 | 12.1
Shields        | 3 5 7 |  7.0
Dodging        | 5 7 9 12 | 12.9
Invocations    | 1 5 9 12 13 | 13.4
Evocations     | 1 5 7 |  7.0
Throwing       | |  2.0

Action                   |  1- 3 |  4- 6 |  7- 9 | 10-12 | 13-15 | 16-18 || total
-------------------------+-------+-------+-------+-------+-------+-------++-------
Melee: Trident           |   118 |   161 |   247 |   446 |   602 |   230 ||  1804
       Punch             |     1 |       |       |       |       |       ||     1
 Fire: Sling             |     3 |    27 |    19 |     1 |     3 |       ||    53
Throw: Throwing net      |     1 |     1 |       |       |       |       ||     2
       Javelin           |     1 |     1 |       |       |       |       ||     2
       Dart              |       |     3 |       |     2 |     5 |       ||    10
Invok: Recall Undead Har |       |       |       |     1 |     3 |     2 ||     6
       Bind Soul         |       |       |       |       |     2 |       ||     2
       Dark Bargain      |       |       |       |       |     1 |       ||     1
Evoke: Wand              |       |       |       |    13 |     3 |     2 ||    18
       Condenser vane    |       |       |       |       |     1 |     1 ||     2
       Phantom mirror    |       |       |       |       |     1 |     1 ||     2
  Use: Scroll            |       |     1 |    13 |     8 |    10 |     6 ||    38
       Potion            |       |       |       |       |     8 |     4 ||    12
 Stab: Sleeping          |     4 |     1 |       |       |       |       ||     5
       Held in net/web   |       |     1 |       |       |       |       ||     1
       Distracted        |       |       |     3 |     8 |    15 |     2 ||    28
       Invisible         |       |       |       |     3 |     6 |       ||     9
Armor: Leather armour    |    26 |    15 |    24 |    42 |    27 |       ||   134
       Ring mail         |       |    29 |    12 |       |       |       ||    41
       Scale mail        |       |       |       |       |   136 |    73 ||   209
Dodge: Dodged            |    60 |    48 |    69 |    85 |   240 |   123 ||   625
Block: Buckler           |       |    23 |    69 |   114 |   119 |    65 ||   390
       Reflection        |       |       |       |     8 |     1 |       ||     9

Table legend: (Time is in decaauts)
 A = Elapsed time spent in this place.
 B = Non-inter-level travel time spent in this place.
 C = Inter-level travel time spent in this place.
 D = Time resting spent in this place.
 E = Time spent auto-exploring this place.
 F = Levels seen in this place.
 G = Mean time per level.
                   A        B        C        D        E       F      G
               +--------+--------+--------+--------+--------+-----+--------+
         Total |  29843 |  28605 |   1238 |  10133 |  13149 |  25 | 1193.7 |
       Dungeon |  20174 |  19366 |    808 |   7615 |   8569 |  15 | 1344.9 |
        Temple |    136 |    119 |     17 |      0 |    105 |   1 |  136.0 |
          Lair |   5627 |   5242 |    385 |    922 |   3414 |   5 | 1125.4 |
  Orcish Mines |   2196 |   2169 |     27 |    707 |    923 |   2 | 1098.0 |
       Ossuary |    526 |    526 |      0 |    206 |      0 |   1 |  526.0 |
       Volcano |   1181 |   1181 |      0 |    682 |    136 |   1 | 1181.0 |
               +--------+--------+--------+--------+--------+-----+--------+

Top non-repeatable levels by time:
    D:12: 3337 daAuts
    D:14: 2723 daAuts
    D:10: 1800 daAuts
  Lair:1: 1652 daAuts
    D:13: 1501 daAuts
     D:2: 1440 daAuts
  Lair:2: 1415 daAuts
    D:15: 1349 daAuts
  Lair:4: 1312 daAuts
   Orc:2: 1234 daAuts
  Lair:3: 1234 daAuts
     D:3: 1210 daAuts
 Volcano: 1181 daAuts
    D:11: 1100 daAuts
     D:7: 1044 daAuts
